 Dungeon Crawl Stone Soup version 0.29-a0-542-g075992c915 (webtiles) character file.

Game seed: 17685529666247183149

30240 ders the Eclecticist (level 13, -3/76 HPs)
             Began as a Djinni Conjurer on June 3, 2022.
             Was a Priest of Ashenzari.
             Killed from afar by a rime drake (20 damage)
             ... with a flash freeze
             ... on level 4 of the Lair of Beasts.
             The game lasted 00:22:22 (12451 turns).

ders the Eclecticist (Djinni Conjurer)             Turns: 12451, Time: 00:22:23

Health: -3/76      AC: 15    Str:  6    XL:     13   Next: 87%
Gold:   769        EV: 11    Int: 24    God:    Ashenzari [***...] SH:  0 Dex: 13

rFire   + + .      SeeInvis +   i - staff of conjuration (curse) {Self, Melee}
rCold   x . .      Faith    .   (no shield)
rNeg    . . .      Spirit   .   H - +0 acid dragon scales
rPois   ∞          Reflect  .   D - +1 helmet "Ruined Together" {Fort, Self} (curse)
rElec   .          Harm     .   w - +1 cloak of the Shackled Chagrin {rPois, Self, Range} (curse)
rCorr   +          Rampage  .   j - +0 pair of gloves "Restrained Soothsayer" {Self, Evo} (curse)
Will    +....      Clarity  +   (boots unavailable)
Stlth   ++........              o - amulet "Agnosticism of the Sky" {Regen+, Self, Cun} (curse)
HPRegen 1.02/turn               q - +4 ring of protection
MPRegen 0.00/turn               Q - ring of wizardry

@: flying
A: sickness immunity, fire resistance 2, cold vulnerability 1, float, innate
caster, HP casting, extra vitality 1
a: Renounce Religion, Shatter the Chains


You were on level 4 of the Lair of Beasts.
You worshipped Ashenzari.
Ashenzari was most pleased with you.
You visited 3 branches of the dungeon, and saw 16 of its levels.
You also visited: Ossuary.

You collected 769 gold pieces.

Inventory:

Missiles
 u - 2 throwing nets
Armour
 a - a +0 robe
 j - the cursed +0 pair of gloves "Restrained Soothsayer" (worn) {Self, Evo}
   (You found it on level 2 of the Dungeon)

   It has a curse which improves the following skills: Introspection: Fighting
   and Spellcasting.
   Evocations: Evocations.
 w - the cursed +1 cloak of the Shackled Chagrin (worn) {rPois, Self, Range}
   (You took it off Crazy Yiuf on level 4 of the Dungeon)

   It has a curse which improves the following skills: Introspection: Fighting
   and Spellcasting.
   Ranged Combat: Slings, Bows, Crossbows and Throwing.
 D - the cursed +1 helmet "Ruined Together" (worn) {Fort, Self}
   (You found it on level 8 of the Dungeon)

   It has a curse which improves the following skills: Fortitude: Armour and
   Shields.
   Introspection: Fighting and Spellcasting.
 H - +0 acid dragon scales (worn)
Magical Staves
 i - a cursed staff of conjuration (weapon) {Self, Melee}
Jewellery
 o - the cursed amulet "Agnosticism of the Sky" (around neck) {Regen+, Self, Cun}
   (You found it on level 4 of the Dungeon)

   [amulet of regeneration]

   Regen:     It increases your rate of health regeneration.
   It has a curse which improves the following skills: Introspection: Fighting
   and Spellcasting.
   Cunning:   Dodging and Stealth.
 q - a +4 ring of protection (left hand)
 x - an amulet of the acrobat
 O - a ring of willpower
 Q - a ring of wizardry (right hand)
 R - a ring of positive energy
Wands
 F - a wand of digging (6)
 J - a wand of iceblast (11)
 L - a wand of polymorph (5)
 P - a wand of flame (3)
Scrolls
 d - 3 scrolls of noise
 e - 3 scrolls of amnesia
 f - 2 scrolls of vulnerability
 h - 5 scrolls of poison
 l - 3 scrolls of fear
 m - 2 scrolls of blinking
 n - 11 scrolls of identify
 p - 11 scrolls of teleportation
 y - 2 scrolls of enchant armour
 z - 2 scrolls of fog
 A - 2 scrolls of torment
 E - 3 scrolls of enchant weapon
 I - 3 scrolls of immolation
 K - 2 scrolls of silence
Potions
 b - 6 potions of degeneration
 c - 2 potions of brilliance
 g - 2 potions of mutation
 k - a potion of haste
 r - 2 potions of resistance
 s - 2 potions of berserk rage
 t - 6 potions of curing
 v - a potion of lignification
 B - a potion of heal wounds
 C - 2 potions of might
 G - 3 potions of magic
 M - 3 potions of invisibility
 N - a potion of ambrosia


   Skills:
 - Level 2.1(3.4) Dodging
 - Level 1.5(2.7) Stealth
 + Level 17.5(21.9) Spellcasting


You had 24 spell levels left.
You knew the following spells:

 Your Spells              Type           Power      Damage    Failure   Level
a - Iskenderun's Battles  Conj           100%       2d15      0%          5
b - Foxfire               Conj/Fire      100%       2x1d9     0%          1
c - Dazzling Flash        Conj/Hex       100%       N/A       0%          3
d - Fulminant Prism       Conj/Hex       57%        3d25      0%          4
e - Iskenderun's Mystic   Conj/Tloc      100%       2d19      0%          4
f - Searing Ray           Conj           100%       2d8       0%          2
g - Call Imp              Summ           93%        N/A       0%          2
h - Poisonous Vapours     Pois/Air       100%       N/A       0%          2
i - Spider Form           Tmut/Pois      93%        N/A       0%          3
j - Animate Dead          Necr           93%        N/A       0%          4
k - Magic Dart            Conj           100%       1d8       0%          1
Your spell library was empty.

Dungeon Overview and Level Annotations

Branches:
Dungeon (11/15)            Temple (1/1) D:7            Lair (4/6) D:11
  Swamp (0/4) Lair:3       Spider (0/4) Lair:2      Ossuary (visited)
    Orc: D:9-12

Altars:
Ashenzari
Cheibriados
Dithmenos
Elyvilon
Fedhas
Gozag
Hepliaklqana
Kikubaaqudgha
Makhleb
Nemelex Xobeh
Okawaru
Qazlal
Ru
Sif Muna
Trog
Uskayaw
Vehumet
Wu Jian
Xom
Yredelemnul
Zin
The Shining One

Shops:
D:3 (   D:11 =

Annotations:
D:9 3 runed translucent doors, Heh's ghost, novice OpWz


Innate Abilities, Weirdness & Mutations

You are immune to sickness and miasma.
You are immune to poison.
Your flesh is very heat resistant. (rF++)
You are vulnerable to cold. (rC-)
You float through the air rather than walking.
You learn spells naturally, not from books.
Your magical power is your life essence.
You have superior vitality. (+4 MHP)


Message History

The mystic blast hits the elephant!
You kill the elephant!
* * * LOW HITPOINT WARNING * * *
Casting: Iskenderun's Mystic Blast (safe; 0% risk of failure)
Confirm with . or Enter, or press ? or * to list all spells.
You feel a surge of power!
You erupt in a blast of force!
The mystic blast hits the elephant.
The elephant is severely wounded.
The elephant is knocked back by the mystic blast.
* * * LOW HITPOINT WARNING * * *
You hear an angry hiss.
Casting: Iskenderun's Mystic Blast (safe; 0% risk of failure)
Confirm with . or Enter, or press ? or * to list all spells.
You feel a surge of power!
You erupt in a blast of force!
The mystic blast hits the wolf!
You kill the wolf!
* * * LOW HITPOINT WARNING * * *
Casting: Iskenderun's Mystic Blast (safe; 0% risk of failure)
Confirm with . or Enter, or press ? or * to list all spells.
Aiming: Fulminant Prism (safe; 0% risk of failure)
Press: ? - help, Dir - move target You feel a surge of power!
You conjure a prism of explosive energy!
* * * LOW HITPOINT WARNING * * *
A fulminant prism comes into view.
The elephant tramples your fulminant prism!
The elephant trunk-slaps your fulminant prism.
Your fulminant prism crackles loudly.
The elephant tramples your fulminant prism!
The elephant trunk-slaps your fulminant prism but does no damage.
Your fulminant prism explodes!
The blast of energy engulfs the elephant!!!
You kill the elephant!
You hear an angry hiss.
You start resting.
A water moccasin comes into view.
A rime drake comes into view.
The rime drake breathes ice at you. The flash freeze hits you!!
You feel a painful chill!
You die...

, ,
##.#..S..#..#....≈≈
#P.................
#................≈≈
#................≈
#.................
#.................
#.........†.......
#@.........>†.†...
#...........†.....
*#.................
#P............#....
#........k.....#...
##............##P..
#.................
#............#.#..
#............ #*..


You could see a rime drake (catching breath) and a water moccasin (wandering).

Vanquished Creatures
  Josephine (D:10)
  6 hydras
  Fannar (Lair:1)
  A catoblepas (Lair:2)
  A two-headed ogre (D:10)
  A cyclops (D:6)
  6 elephants (Lair:4)
  A black mamba (Lair:3)
  5 cane toads
  13 komodo dragons
  A meliai (Lair:2)
  The ghost of grumblor the Chopper, a novice VSFi of Sif Muna (D:4)
  A hornet (Lair:4)
  11 blink frogs (Lair:1)
  A slime creature (D:11)
  Sigmund (D:5)
  4 wyverns
  8 wraiths
  3 basilisks
  Eustachio (D:5)
  14 yaks
  A steam dragon (D:7)
  5 vampire mosquitoes
  2 swamp worms (Lair:3)
  An acid dragon (D:8)
  10 water moccasins
  A sky beast (D:5)
  2 ice beasts (D:6)
  4 black bears
  4 orc warriors
  2 ogres
  9 wolves
  4 centaurs
  4 phantoms (D:6)
  5 kobold brigands
  10 bullfrogs
  2 necrophages (D:6)
  11 scorpions
  15 wights
  20 killer bees
  5 howler monkeys
  Crazy Yiuf (D:4)
  5 orc priests
  3 hounds
  5 jellies
  2 gnoll shamans
  2 iguanas
  3 orc wizards
  A mummy (Ossuary)
  10 adders
  13 gnolls
  A shadow imp (D:6)
  A white imp (D:7)
  An ufetubus (D:4)
  3 worms
  2 dart slugs
  31 orcs
  11 ball pythons
  3 endoplasms
  3 giant cockroaches
  7 goblins
  8 hobgoblins
  29 kobolds
  4 quokkas
  6 bats
  3 frilled lizards
  6 gnoll skeletons (Ossuary)
  7 kobold skeletons (Ossuary)
  12 orc skeletons (Ossuary)
  6 rats
  A rat zombie (D:7)
  A foxfire (D:8)
  2 fulminant prisms (D:6)
392 creatures vanquished.

Vanquished Creatures (collateral kills)
  2 foxfires (Lair:2)
2 creatures vanquished.

Vanquished Creatures (others)
  841 foxfires
  83 fulminant prisms
  18 fungi
  24 plants
  2 withered plants (D:4)
968 creatures vanquished.

Grand Total: 1362 creatures vanquished

Notes
Turn   | Place    | Note
-------+----------+-------------------------------------------
     0 | D:1      | ders the Djinni Conjurer began the quest for the Orb.
     0 | D:1      | Reached XP level 1. HP: 15/15 MP: 0/0
   403 | D:1      | Reached XP level 2. HP: 14/21 MP: 0/0
   881 | D:1      | Reached XP level 3. HP: 24/25 MP: 0/0
   881 | D:1      | Learned a level 1 spell: Foxfire
  1041 | D:1      | Found a faded altar of an unknown god.
  1246 | D:1      | Reached skill level 4 in Spellcasting
  1870 | D:2      | Reached XP level 4. HP: 28/31 MP: 0/0
  2385 | D:3      | You are sucked into a shaft and drop 3 floors!
  2493 | D:6      | Noticed a necrophage
  2494 | D:6      | Noticed an ice beast
  2511 | D:6      | Noticed a bullfrog
  2527 | D:6      | Noticed an ice beast
  2532 | D:6      | Reached XP level 5. HP: 30/35 MP: 0/0
  2532 | D:6      | Learned a level 2 spell: Call Imp
  2532 | D:6      | Killed a bullfrog
  2533 | D:6      | Reached skill level 5 in Spellcasting
  2533 | D:6      | Killed an ice beast
  2534 | D:6      | Reached XP level 6. HP: 26/40 MP: 0/0
  2534 | D:6      | Killed an ice beast
  2535 | D:6      | Reached skill level 6 in Spellcasting
  2535 | D:6      | Reached XP level 7. HP: 25/45 MP: 0/0
  2535 | D:6      | Learned a level 2 spell: Poisonous Vapours
  2814 | D:6      | Noticed a water moccasin
  2820 | D:6      | Killed a water moccasin
  2884 | D:5      | Entered Level 5 of the Dungeon
  2884 | D:5      | Noticed Sigmund
  2890 | D:5      | Killed Sigmund
  2891 | D:5      | Reached skill level 7 in Spellcasting
  2891 | D:5      | Reached XP level 8. HP: 40/50 MP: 0/0
  3249 | D:4      | Found a runed translucent door.
  3249 | D:4      | Noticed grumblor's ghost (novice VSFi)
  3263 | D:4      | Reached skill level 8 in Spellcasting
  3439 | D:3      | Found Vymar's Antique Weapon Shoppe.
  4206 | D:4      | Found a runed translucent door.
  4207 | D:4      | Noticed Crazy Yiuf
  4216 | D:4      | Killed Crazy Yiuf
  4284 | D:4      | Killed grumblor's ghost
  4285 | D:4      | Reached skill level 9 in Spellcasting
  4285 | D:4      | Reached XP level 9. HP: 38/55 MP: 0/0
  4285 | D:4      | Learned a level 3 spell: Spider Form
  4660 | D:5      | Noticed Eustachio
  4681 | D:5      | Killed Eustachio
  4820 | D:5      | Reached skill level 10 in Spellcasting
  5028 | D:5      | Noticed a two-headed ogre
  5265 | D:6      | Noticed a cyclops
  5281 | D:6      | Reached XP level 10. HP: 41/60 MP: 0/0
  5309 | D:6      | Reached skill level 11 in Spellcasting
  5364 | D:6      | Killed a cyclops
  5585 | D:6      | Identified the +1 leather armour "Nuack" {Contam rPois rC-
                  | Regen+}
  6059 | D:7      | Found a sand-covered staircase.
  6068 | Ossuary  | Entered an ossuary
  6517 | D:7      | Reached skill level 12 in Spellcasting
  6739 | D:7      | Found a staircase to the Ecumenical Temple.
  7202 | D:8      | Reached XP level 11. HP: 58/65 MP: 0/0
  7202 | D:8      | Learned a level 4 spell: Animate Dead
  7311 | D:8      | Found an opulent altar of Gozag.
  7521 | Temple   | Entered the Ecumenical Temple
  7619 | Temple   | Became a worshipper of Ashenzari the Shackled
  7939 | D:9      | Reached skill level 13 in Spellcasting
  7986 | D:9      | Found a runed translucent gate.
  7987 | D:9      | Found a runed translucent gate.
  7987 | D:9      | Found a runed translucent gate.
  7989 | D:9      | Noticed Heh's ghost (novice OpWz)
  8593 | D:10     | Entered Level 10 of the Dungeon
  8700 | D:10     | Noticed Josephine
  8708 | D:10     | Killed Josephine
  8937 | D:10     | Noticed a two-headed ogre
  8940 | D:10     | Killed a two-headed ogre
  8941 | D:10     | Reached skill level 14 in Spellcasting
  9089 | D:10     | Noticed a six-headed hydra
  9101 | D:10     | Killed a six-headed hydra
  9401 | D:11     | Found Iraukh's Jewellery Shoppe.
  9413 | D:11     | Reached * piety under Ashenzari
  9443 | D:11     | Reached XP level 12. HP: 60/70 MP: 0/0
  9522 | D:11     | Found a staircase to the Lair.
  9625 | Lair:1   | Entered Level 1 of the Lair of Beasts
  9637 | Lair:1   | Reached skill level 15 in Spellcasting
  9738 | Lair:1   | Noticed Fannar
  9746 | Lair:1   | Killed Fannar
 10147 | Lair:1   | Reached ** piety under Ashenzari
 10590 | Lair:2   | Noticed a catoblepas
 10597 | Lair:2   | Killed a catoblepas
 10598 | Lair:2   | Reached skill level 16 in Spellcasting
 10598 | Lair:2   | Reached XP level 13. HP: 74/75 MP: 0/0
 10598 | Lair:2   | Learned a level 5 spell: Iskenderun's Battlesphere
 10612 | Lair:2   | Noticed a four-headed hydra
 10621 | Lair:2   | Killed a four-headed hydra
 10742 | Lair:2   | Found a hole to the Spider Nest.
 10927 | Lair:2   | Identified the +2 leather armour "Diumeow" {+Inv rF+}
 11404 | Lair:3   | Noticed a seven-headed hydra
 11412 | Lair:3   | Killed a seven-headed hydra
 11645 | Lair:3   | Reached *** piety under Ashenzari
 11823 | Lair:3   | Noticed a six-headed hydra
 11829 | Lair:3   | Killed a six-headed hydra
 11830 | Lair:3   | Reached skill level 17 in Spellcasting
 11852 | Lair:3   | Noticed a six-headed hydra
 11855 | Lair:3   | Killed a six-headed hydra
 11920 | Lair:3   | Found a staircase to the Swamp.
 12413 | Lair:4   | Noticed a five-headed hydra
 12413 | Lair:4   | Found a white marble altar of Elyvilon.
 12423 | Lair:4   | Killed a five-headed hydra
 12451 | Lair:4   | Killed from afar by a rime drake

Illustrated notes

Levels and vault maps discovered:
D:1:      giann_horns, layout_rooms, chequers_ecumenical_altar_simple_redux
D:2:      layout_loops_cross
D:3:      layout_basic, serial_shops, nicolae_shop_statue_plus,
          dk_noncrumbling_4, minmay_circle_x
D:4:      layout_cave_pools, gammafunk_ghost_grave, uniq_crazy_yiuf_cottage
D:5:      layout_loops_ring, hangedman_decor_clover_reticule,
          lightli_corner_chamber, uniq_eustachio, uniq_sigmund
D:6:      minmay_clustersquares, layout_loops_ring
D:7:      layout_basic, minmay_temple_entry_fiery, enter_ossuary_3,
          chequers_serial_rivers_small_b, kennysheep_potato
D:8:      layout_rooms, lemuel_crystal_altar
D:9:      layout_roguey, ebering_ghost_rock_garden
D:10:     layout_basic, uniq_josephine
D:11:     minmay_skewed_foursquare, layout_loops_ring, minmay_lair_entry_grove,
          serial_shops, nicolae_shop_statue_plus, shop, nicolae_square_shop,
          nicolae_stop_n_shop_1
Temple:   compressed_dpeg_circular_temple
Lair:1:   layout_chaotic_city, serial_bayou_shore_b, uniq_fannar
Lair:2:   layout_loops_ring, hellmonk_spider_entry_not_the_bees,
          cheibrodos_lair_caveside_slide
Lair:3:   layout_regular_city, palyth_hydra_swamp_entry, beast_lair_carwin_11
Lair:4:   regret_index_wax_grids, layout_gridlike, lemuel_altar_in_water2,
          nicolae_quartered_pool_little

Skill      XL: |  1  2  3  4  5  6  7  8  9 10 11 12 13 |
---------------+----------------------------------------+-----
Spellcasting   | 4 5 6 7 9 10 12 14 16 17 | 17.5
Dodging        | |  2.1
Stealth        | |  1.5

Action                   |  1- 3 |  4- 6 |  7- 9 | 10-12 | 13-15 || total
-------------------------+-------+-------+-------+-------+-------++-------
Melee: Staff             |       |       |       |     1 |       ||     1
 Cast: Magic Dart        |    43 |       |     1 |     5 |       ||    49
       Foxfire           |    43 |    14 |   171 |   254 |    40 ||   522
       Iskenderun's Myst |       |     4 |    34 |    97 |    44 ||   179
       Fulminant Prism   |       |       |     9 |    60 |    16 ||    85
       Iskenderun's Batt |       |       |       |       |     2 ||     2
Invok: Curse Item        |       |       |       |     3 |     2 ||     5
  Use: Scroll            |       |     2 |       |     8 |       ||    10
       Potion            |       |     1 |     2 |       |       ||     3
Armor: Robe              |     4 |     3 |    12 |    15 |       ||    34
       Acid dragon scale |       |       |       |    33 |    33 ||    66
Dodge: Dodged            |     4 |    13 |    42 |    60 |    22 ||   141

Table legend: (Time is in decaauts)
 A = Elapsed time spent in this place.
 B = Non-inter-level travel time spent in this place.
 C = Inter-level travel time spent in this place.
 D = Time resting spent in this place.
 E = Time spent auto-exploring this place.
 F = Levels seen in this place.
 G = Mean time per level.
                   A        B        C        D        E       F      G
               +--------+--------+--------+--------+--------+-----+--------+
         Total |  12455 |  11902 |    553 |    968 |   8472 |  17 |  732.6 |
       Dungeon |   9289 |   8825 |    464 |    741 |   6258 |  11 |  844.5 |
        Temple |    108 |     76 |     32 |      0 |     54 |   1 |  108.0 |
          Lair |   2830 |   2773 |     57 |    227 |   2060 |   4 |  707.5 |
       Ossuary |    226 |    226 |      0 |      0 |    100 |   1 |  226.0 |
               +--------+--------+--------+--------+--------+-----+--------+

Top non-repeatable levels by time:
     D:6: 1369 daAuts
     D:1: 1301 daAuts
  Lair:1: 1033 daAuts
     D:2: 1026 daAuts
     D:7: 987 daAuts
  Lair:3: 946 daAuts
     D:5: 914 daAuts
  Lair:2: 812 daAuts
    D:10: 807 daAuts
     D:9: 715 daAuts
     D:4: 694 daAuts
     D:3: 688 daAuts
     D:8: 560 daAuts
 Ossuary: 226 daAuts
    D:11: 223 daAuts
